 Dungeon Crawl Stone Soup version 0.14.2 (webtiles) character file.

78 Stagor the Practitioner (level 3, -8/29 HPs)
             Began as a Hill Orc Healer on Feb 7, 2016.
             Was a Believer of Elyvilon.
             Mangled by Terence
             ... wielding a +1,+2 flail of draining
              (11 damage)
             ... on Level 2 of the Dungeon.
             The game lasted 00:09:28 (848 turns).

Stagor the Practitioner (Hill Orc Healer)            Turns: 848, Time: 00:09:28

HP  -8/29        AC  3     Str 15      XL: 3   Next: 50%
MP   5/5         EV  8     Int 12      God: Elyvilon [**....]
Gold 38          SH 14     Dex 10      Spells:  0 memorised,  2 levels left

rFire  . . .     SeeInvis .     l - +0 club
rCold  . . .     Clarity  .     a - +1 robe
rNeg   . . .     Conserve .     k - +0 shield
rPois  .         rCorr    .     (no helmet)
rElec  .         rRot     .     (no cloak)
SustAb . .       Spirit   .     (no gloves)
rMut   .         Warding  .     (no boots)
Saprov + . .     Stasis   .     (no amulet)
MR     .....                    (no ring)
                                (no ring)

@: protection, drained, not resistant to hostile enchantments, unstealthy
A: saprovore 1
a: Lesser Healing, Lesser Self-Healing, Divine Protection, Purification,
Renounce Religion


You were on level 2 of the Dungeon.
You worshipped Elyvilon.
Elyvilon was pleased with you.
You were not hungry.

You visited 1 branch of the dungeon, and saw 2 of its levels.

You collected 38 gold pieces.

Inventory:

Hand weapons
 l - a +0,+0 club (weapon)
 n - a +0,+0 spear
Missiles
 h - 14 arrows of flame
 i - 7 javelins (quivered)
Armour
 a - a +1 robe (worn)
 k - a +0 shield (worn)
Magical devices
 c - a wand of fireball (1)
Comestibles
 d - 2 meat rations
 g - a bread ration
Scrolls
 e - 2 scrolls of enchant weapon I {unknown}
 f - 2 scrolls of identify {unknown}
 j - a scroll of remove curse {unknown}
 m - a scroll of enchant weapon II {unknown}
Potions
 b - 2 potions of curing
Books
 o - a book of Transfigurations

   Spells                             Type                      Level
   Stoneskin                          Transmutation/Earth          2
   Ice Form                           Ice/Transmutation            4
   Statue Form                        Transmutation/Earth          6
   Dragon Form                        Transmutation                7


   Skills:
 * Level 2.3(1.4) Fighting
 * Level 0.9(0.0) Maces & Flails
 * Level 1.2(0.3) Armour
 - Level 1.5(0.6) Dodging
 * Level 1.5(0.6) Shields
 - Level 3.8(2.9) Invocations


You had 2 spell levels left.
You didn't know any spells.

Dungeon Overview and Level Annotations

Branches:
Dungeon (2/15)

Altars:

Annotations:
D:2 Terence


Innate Abilities, Weirdness & Mutations

You can tolerate rotten meat.


Message History

Found 17 gold pieces.
Terence comes into view.
He is wielding a runed flail.
Terence shouts!
You hit Terence but do no damage. Terence hits you with a runed flail.
You feel drained.
You hit Terence but do no damage.
Terence hits you with a flail of draining!
You feel drained.
You hit Terence but do no damage.
Terence hits you with a flail of draining!
* * * LOW HITPOINT WARNING * * *
You feel drained.
* * * LOW HITPOINT WARNING * * *
Use which ability? (? or * to list)
You beseech Elyvilon to protect your life.
Terence closely misses you.
You hit Terence but do no damage. Terence barely misses you.
You closely miss Terence.
Terence hits you with a flail of draining!
You die...

#.# #.####### #.# #.# #
#.# #.# # #.# #.# # #.#
#### #.# # #.# ..#
#.####### #.# #.#
#........
#.#.##.###########
..#@#...............
#.#@####.########.[.
#.#.# #.# #... #.#.#
#.# #... #.#$# #.# #...
#.#.####'########...
####.#.#.......#.......
#..#.#.#.......#.######
######..#<#.#.......#.#
#


You could see Terence.

Vanquished Creatures
  Ijyb (D:2)
  An adder (D:2)
  3 bats (D:2)
  4 hobgoblins
  A quokka (D:2)
  A giant newt (D:2)
  3 kobolds
  A rat (D:2)
15 creatures vanquished.

Notes
Turn   | Place    | Note
--------------------------------------------------------------
     0 | D:1      | Stagor, the Hill Orc Healer, began the quest for the Orb.
     0 | D:1      | Reached XP level 1. HP: 16/16 MP: 2/2
   377 | D:2      | Reached XP level 2. HP: 19/24 MP: 4/4
   613 | D:2      | Noticed Ijyb
   682 | D:2      | Killed Ijyb
   682 | D:2      | Reached skill level 1 in Armour
   682 | D:2      | Reached skill level 1 in Shields
   682 | D:2      | Reached XP level 3. HP: 24/29 MP: 1/5
   839 | D:2      | Noticed Terence
   848 | D:2      | Mangled by Terence

Action                   || total
-------------------------++-------
Melee: Unarmed           ||    11
       Club              ||   100
Throw: Javelin           ||     9
Invok: Lesser Self-Heali ||     9
       Divine Protection ||     1
Evoke: Wand              ||     1
  Use: Potion            ||     1
